 Dungeon Sprint DCSS version 0.27-a0-1557-g57f10a385c (webtiles) character file.

Game seed: 17381782556166791765

109180 mhtbhm the Hoplite (level 16, -9/181 HPs)
             Began as a Minotaur Fighter on July 15, 2021.
             Was a Believer of Qazlal.
             Mangled by an Executioner (12 damage)
             ... summoned by Gloorx Vloq
             ... in the Dungeon (Sprint VII: "The Pits").
             The game lasted 00:21:11 (7197 turns).

mhtbhm the Hoplite (Minotaur Fighter)               Turns: 7197, Time: 00:21:12

Health: -9/181     AC: 37    Str: 27    XL:     16   Next: 4%
Magic:  10/40      EV: 13    Int:  2    God:    Qazlal [**....]
Gold:   60         SH: 31    Dex: 14    Spells: 15/15 levels left

rFire    . . .     SeeInvis +   a - +1 broad axe (freeze)
rCold    . . .     Faith    +   c - +1 tower shield
rNeg     . . .     Spirit   .   b - +3 shadow dragon scales
rPois    +         Reflect  .   (helmet restricted)
rElec    +         Harm     .   D - +1 cloak {rPois}
rCorr    .         Rampage  .   F - +1 pair of gloves
Will     +++++     NoTele   +   E - +1 pair of boots
Stlth    ++........             A - amulet of Byzeu {Faith +Blink Will+++ MP+9 Int-3}
HPRegen  0.40/turn              L - ring "Optuh" {Will+ AC+6 Slay+2 SInv}
MPRegen  0.27/turn              W - ring "Amuudank" {rElec Dex+3 Slay+5}

@: lethally poisoned (-9 -> -10), hasted, studying 2 skills, very quick
A: horns 2, retaliatory headbutt, robust 1, shaggy fur 1, wild magic 1
a: Renounce Religion, Evoke Blink, Upheaval


You were in the Dungeon.
You worshipped Qazlal.
Qazlal was pleased with you.
You visited 1 branch You collected 60 gold pieces.

Inventory:

Hand Weapons
 a - a +1 broad axe of freezing (weapon)
 o - the +6 demon whip of the Hills {drain, rN+ Int+4}
   (You found it in the Dungeon)

   A truly terrible weapon, it drains the life of any living foe it strikes.
   Int:       It affects your intelligence (+4).
   rN:        It protects you from negative energy.
 C - the +7 Singing Sword {vorpal, sonic wave}
   (You found it in the Dungeon)

   It inflicts extra damage upon your enemies.
   It radiates damaging sonic waves as it strikes, especially in combat
   involving dangerous or numerous foes.
Missiles
 q - 7 javelins (quivered)
Armour
 b - +3 shadow dragon scales (worn)
 c - a +1 tower shield (worn)
 D - a +1 cloak of poison resistance (worn)
 E - a +1 pair of boots (worn)
 F - a +1 pair of gloves (worn)
Jewellery
 s - the amulet of Zisev {Reflect Rampage rN+ Str+2 SH+5}
   (You found it in the Dungeon)

   [amulet of reflection]

   It reflects blocked missile attacks.
   Str:       It affects your strength (+2).
   rN:        It protects you from negative energy.
   SH:        It affects your SH (+5).
   Rampage:   It bestows one free step when moving towards enemies.
 A - the amulet of Byzeu (around neck) {Faith +Blink Will+++ MP+9 Int-3}
   (You found it in the Dungeon)

   [amulet of faith]

   It allows you to gain divine favour quickly.
   Int:       It affects your intelligence (-3).
   MP:        It affects your magic capacity (+9).
   +Blink:    It lets you blink.
   Will:      It greatly increases your willpower.
 H - the ring of Vanahage {Fire rN+ Will- Dex+9}
   (You found it in the Dungeon)

   [ring of fire]

   It enhances your fire magic.
   Dex:       It affects your dexterity (+9).
   rF:        It protects you from fire.
   rC:        It makes you vulnerable to cold.
   rN:        It protects you from negative energy.
   Will:      It decreases your willpower.
 I - the ring "Ojakk" {rF+ Will+ Str+3 Int+4}
   (You found it in the Dungeon)

   [ring of willpower]

   Str:       It affects your strength (+3).
   Int:       It affects your intelligence (+4).
   rF:        It protects you from fire.
   Will:      It increases your willpower.
 L - the ring "Optuh" (left hand) {Will+ AC+6 Slay+2 SInv}
   (You found it in the Dungeon)

   [ring of protection]

   AC:        It affects your AC (+6).
   Slay:      It affects your accuracy & damage with ranged weapons and melee
   (+2).
   SInv:      It lets you see invisible.
   Will:      It increases your willpower.
 O - the ring of the Lumpy Spirits {rF- Will+ Str+2 Int+3 Slay+5}
   (You found it in the Dungeon)

   [ring of slaying]

   Str:       It affects your strength (+2).
   Int:       It affects your intelligence (+3).
   Slay:      It affects your accuracy & damage with ranged weapons and melee
   (+5).
   rF:        It makes you vulnerable to fire.
   Will:      It increases your willpower.
 Q - the amulet of Haavuc {Reflect Will+ SH+5}
   (You found it in the Dungeon)

   [amulet of reflection]

   It reflects blocked missile attacks.
   SH:        It affects your SH (+5).
   Will:      It increases your willpower.
 W - the ring "Amuudank" (right hand) {rElec Dex+3 Slay+5}
   (You found it in the Dungeon)

   [ring of slaying]

   Dex:       It affects your dexterity (+3).
   Slay:      It affects your accuracy & damage with ranged weapons and melee
   (+5).
   rElec:     It insulates you from electricity.
Wands
 v - a wand of charming (7)
Scrolls
 i - 3 scrolls of identify
 l - 5 scrolls of amnesia
 m - a scroll of summoning
 u - 2 scrolls of fear
 w - 6 scrolls of enchant weapon
 x - 2 scrolls of enchant armour
Potions
 g - 7 potions of haste
 h - 8 potions of magic
 k - a potion of invisibility
 p - 4 potions of brilliance
 r - 2 potions of mutation
Miscellaneous
 B - a lightning rod (3/4)


   Skills:
 + Level 20.6 Fighting
 + Level 23.1 Axes
 + Level 19.1 Armour
 + Level 8.9 Dodging
 - Level 0.8 Stealth
 + Level 25.7 Shields
 * Level 24.4 Invocations
 + Level 8.1 Evocations


You had 15 spell levels left.
You didn't know any spells.
Your spell library contained the following spells:

 Spells                   Type           Power      Damage    Failure   Level
 Corona                   Hex            0%         N/A       93%         1
 Poisonous Vapours        Pois/Air       0%         N/A       98%         2
 Dazzling Flash           Conj/Hex       0%         N/A       100%        3
 Ignite Poison            Fire/Tmut/Pois 0%         N/A       100%        3
 Mephitic Cloud           Conj/Pois/Air  0%         N/A       100%        3
 Ozocubu's Armour         Ice            0%         N/A       100%        3
 Portal Projectile        Hex/Tloc       0%         N/A       100%        3
 Spider Form              Tmut/Pois      0%         N/A       100%        3
 Stone Arrow              Conj/Erth      0%         3d7       100%        3
 Tukima's Dance           Hex            0%         N/A       100%        3
 Airstrike                Air            0%         N/A       100%        4
 Cause Fear               Hex            0%         N/A       100%        4
 Fulminant Prism          Conj/Hex       0%         3d6       100%        4
 Leda's Liquefaction      Hex/Erth       0%         N/A       100%        4
 Olgreb's Toxic Radiance  Pois           0%         N/A       100%        4
 Petrify                  Tmut/Erth      0%         N/A       100%        4
 Summon Lightning Spire   Summ/Air       0%         N/A       100%        4
 Blade Hands              Tmut           0%         N/A       100%        5
 Bolt of Magma            Conj/Fire/Erth 0%         4d4       100%        5
 Excruciating Wounds      Necr           0%         N/A       100%        5
 Fireball                 Conj/Fire      0%         3d3       100%        5
 Freezing Cloud           Conj/Ice/Air   0%         6-21      100%        5
 Lightning Bolt           Conj/Air       0%         1d11      100%        5
 Metabolic Englaciation   Hex/Ice        0%         N/A       100%        5
 Summon Mana Viper        Hex/Summ       0%         N/A       100%        5
 Simulacrum               Ice/Necr       0%         N/A       100%        6
 Statue Form              Tmut/Erth      0%         N/A       100%        6
 Dragon Form              Tmut           0%         N/A       100%        7
 Malign Gateway           Summ/Tloc      0%         N/A       100%        7
 Ozocubu's Refrigeration  Ice            0%         4d5       100%        7
 Summon Horrible Things   Summ           0%         N/A       100%        8
 Dragon's Call            Summ           0%         N/A       100%        9
 Polar Vortex             Ice            0%         N/A       100%        9
 Shatter                  Erth           0%         3d5*      100%        9


Dungeon Overview and Level Annotations

Branches:
Dungeon (1/1)

Altars:
Ashenzari
Cheibriados
Dithmenos
Elyvilon
Fedhas
Gozag
Hepliaklqana
Kikubaaqudgha
Makhleb
Nemelex Xobeh
Okawaru
Qazlal
Ru
Sif Muna
Trog
Uskayaw
Vehumet
Wu Jian
Xom
Yredelemnul
Zin
The Shining One
Beogh
Jiyva
Lugonu

Annotations:
D Gloorx Vloq, Prince Ribbit


Innate Abilities, Weirdness & Mutations

You have a pair of horns on your head.
You reflexively headbutt those who attack you in melee.
You are robust. (+10% HP)
You are covered in fur. (AC +1)
Your spells are a little harder to cast, but a little more powerful.


Message History

Unknown command.
Unknown command.
Unknown command.
Aiming: Upheaval
Press: ? - help, Dir - move target, f - Executioner, p - Gloorx Vloq
Aim: an Executioner (moderately wounded, summoned)
A blizzard blasts the area with ice!
The blast of ice hits Gloorx Vloq!!!
Gloorx Vloq partially resists.
Gloorx Vloq is almost dead.
Gloorx Vloq is flash-frozen.
The blast of ice hits the Executioner!
The Executioner partially resists.
The Executioner is moderately wounded.
The Executioner is flash-frozen.
The blast of ice hits the Executioner!!
The Executioner partially resists.
The Executioner is heavily wounded.
The Executioner is flash-frozen.
The blast of ice hits the Executioner!!!
The Executioner partially resists.
You kill the Executioner!
The Executioner gestures.
The Executioner seems to speed up.
Unknown command.
Unknown command.
Unknown command.
Unknown command.
Unknown command.
Aiming: Upheaval
Press: ? - help, Dir - move target The ground shakes violently, spewing rubble!
The blast of rubble hits the Executioner!!
The Executioner is severely wounded.
You can no longer give life to nearby clouds.
You feel sick.
The Executioner is no longer encased in ice.
Gloorx Vloq calls on the powers of darkness!
Your body is wracked with pain!
* * * LOW HITPOINT WARNING * * *
The Executioner misses you. You block the Executioner's attack. x2
The Executioner hits you!
You die...

..#..# .....# .....# ..#..#
.....+ .....+ ###''#
###''############################
.##.............@1........≈......
.##.............1&.≈)≈..≈.≈.[)..1
.##..##############.≈############
.##..#))#))#))).#..))[.#.[[[#[[#[
=##..#))#))##''##...)..##''##[[#[
.##..#.....#....#...)).#....#....
.##..#..####....###..###....####.
.##..#..'........[..)).........'.
###..#..####................####.


You could see Gloorx Vloq (frozen) and 2 Executioners.

Vanquished Creatures
  2 orbs of fire (D)
  An ancient lich (D)
  A pandemonium lord (D)
  Boris (D)
  An electric golem (D)
  A hellephant (D)
  A titan (D)
  2 sphinxes (D)
  A shadow dragon (D)
  A nagaraja (D)
  A draconian monk (D)
  A daeva (D)
  2 orc warlords (D)
  A deep elf sorcerer (D)
  A ghost moth (D)
  A draconian knight (D)
  A draconian stormcaller (D)
  A draconian shifter (D)
  A spriggan defender (D)
  2 green draconians (D)
  2 vampire knights (D)
  2 deep elf demonologists (D)
  A yellow draconian (D)
  5 deep elf annihilators (D)
  An eidolon (D)
  A deep elf death mage (D)
  2 deep elf high priests (D)
  2 naga warriors (D)
  2 fire dragons (D)
  Erolcha (D)
  5 vault guards (D)
  2 ice dragons (D)
  2 ogre magi (D)
  A hell beast (D)
  3 two-headed ogres (D)
  A death knight (D)
  A vampire mage (D)
  2 spriggans (D)
  A spriggan berserker (D)
  Urug (D)
  5 hell knights (D)
  A deep elf knight (D)
  4 skeletal warriors (D)
  A fire crab (D)
  A sea snake (D)
  A spriggan druid (D)
  5 phantasmal warriors (D)
  A harpy (D)
  A deep elf zephyrmancer (D)
  3 wizards (D)
  A necromancer (D)
  A cyclops (D)
  A deep elf pyromancer (D)
  7 orc knights (D)
  An ugly thing (D)
  2 slime creatures (D)
  An eye of devastation (D)
  A cane toad (D)
  A smoke demon (D)
  2 gargoyles (D)
  A komodo dragon (D)
  A kobold demonologist (D)
  2 freezing wraiths (D)
  An unseen horror (D)
  4 ice devils (D)
  2 hellwings (D)
  2 large abominations (D)
  2 wandering mushrooms (D)
  A wind drake (D)
  A polar bear (shapeshifter) (D)
  2 hornets (D)
  A hornet (shapeshifter) (D)
  A polar bear (D)
  A jumping spider (D)
  9 blink frogs (D)
  A tyrant leech (D)
  3 redbacks (D)
  A shadow (D)
  4 yaks (D)
  A wyvern (D)
  2 wraiths (D)
  A steam dragon (D)
  A neqoxec (D)
  Grum (D)
  A warg (D)
  4 hell hounds (D)
  A floating eye (D)
  A swamp drake (D)
  A sky beast (D)
  An ogre (D)
  3 wolves (D)
  A phantom (D)
  2 centaurs (D)
  A kobold brigand (D)
  A bullfrog (D)
  An earth elemental (D)
  A gnoll sergeant (D)
  A crimson imp (D)
  A gnoll shaman (D)
  Jessica (D)
  An iguana (D)
  6 gnolls (D)
  A river rat (D)
  An adder (D)
  A white imp (D)
  An ufetubus (D)
  A worm (D)
  4 orcs (D)
  2 ball pythons (D)
  A hobgoblin (D)
  A quokka (D)
  A bat simulacrum (D)
  A frilled lizard (D)
  A kobold (D)
  3 rats (D)
197 creatures vanquished.

Vanquished Creatures (collateral kills)
  An emperor scorpion (D)
  2 orc knights (D)
3 creatures vanquished.

Vanquished Creatures (others)
  A deep elf knight (D)
  An orc knight (D)
2 creatures vanquished.

Grand Total: 202 creatures vanquished

Notes
Turn   | Place    | Note
-------+----------+-------------------------------------------
     0 | D        | mhtbhm the Minotaur Fighter began the quest for the Orb.
     0 | D        | Reached XP level 1. HP: 19/19 MP: 0/0
    15 | D        | Reached skill level 4 in Shields
    21 | D        | Found a bloodstained altar of Trog.
    21 | D        | Found a shimmering blue altar of Sif Muna.
    21 | D        | Found a viscous altar of Jiyva.
    21 | D        | Found a hazy altar of Hepliaklqana.
    21 | D        | Found an opulent altar of Gozag.
    22 | D        | Found a glowing golden altar of the Shining One.
    22 | D        | Found a glowing silver altar of Zin.
    22 | D        | Found a basalt altar of Yredelemnul.
    22 | D        | Found a shimmering altar of Xom.
    22 | D        | Found an ornate altar of the Wu Jian Council.
    22 | D        | Found a sacrificial altar of Ru.
    22 | D        | Found a stormy altar of Qazlal.
    22 | D        | Found an iron altar of Okawaru.
    22 | D        | Found a sparkling altar of Nemelex Xobeh.
    22 | D        | Found a burning altar of Makhleb.
    22 | D        | Found a blossoming altar of Fedhas.
    22 | D        | Found a white marble altar of Elyvilon.
    22 | D        | Found a shadowy altar of Dithmenos.
    22 | D        | Found a snail-covered altar of Cheibriados.
    24 | D        | Found a radiant altar of Vehumet.
    24 | D        | Found a corrupted altar of Lugonu.
    25 | D        | Found a hide-covered altar of Uskayaw.
    25 | D        | Found an ancient bone altar of Kikubaaqudgha.
    25 | D        | Found a broken altar of Ashenzari.
    31 | D        | Became a worshipper of Qazlal Stormbringer
    77 | D        | Reached * piety under Qazlal
    92 | D        | Reached ** piety under Qazlal
    93 | D        | Reached skill level 5 in Fighting
    93 | D        | Reached XP level 2. HP: 29/29 MP: 1/1
    96 | D        | Reached skill level 5 in Shields
    98 | D        | Reached skill level 5 in Armour
    99 | D        | Reached *** piety under Qazlal
   209 | D        | Noticed a phantom
   215 | D        | Reached XP level 3. HP: 27/36 MP: 2/2
   221 | D        | Noticed a gnoll sergeant
   229 | D        | Killed a gnoll sergeant
   229 | D        | Reached **** piety under Qazlal
   230 | D        | Reached skill level 5 in Axes
   230 | D        | Reached skill level 1 in Dodging
   230 | D        | Reached skill level 6 in Shields
   230 | D        | Reached XP level 4. HP: 17/45 MP: 3/3
   241 | D        | Killed a phantom
   242 | D        | Reached skill level 7 in Shields
   242 | D        | Reached XP level 5. HP: 18/52 MP: 4/4
   245 | D        | Reached ***** piety under Qazlal
   246 | D        | Reached skill level 8 in Shields
   449 | D        | Noticed a centaur
   454 | D        | Killed a centaur
   455 | D        | Reached XP level 6. HP: 61/61 MP: 5/5
   557 | D        | Noticed a sea snake
   568 | D        | Killed a sea snake
   569 | D        | Reached skill level 10 in Shields
   569 | D        | Reached XP level 7. HP: 52/70 MP: 6/6
   823 | D        | Noticed Prince Ribbit
   825 | D        | Paralysed by a floating eye for 4 turns
   834 | D        | Paralysed by a floating eye for 4 turns
   842 | D        | Reached skill level 1 in Invocations
   845 | D        | Reached XP level 8. HP: 50/78 MP: 6/8
   965 | D        | Noticed an ice devil
   965 | D        | Noticed a cyclops
   976 | D        | Killed an ice devil
   977 | D        | Reached skill level 10 in Armour
   982 | D        | Reached skill level 10 in Fighting
   982 | D        | Killed a cyclops
   982 | D        | Reached ****** piety under Qazlal
   983 | D        | Reached skill level 11 in Shields
  1131 | D        | Noticed a blink frog
  1131 | D        | Noticed a blink frog
  1133 | D        | Noticed a blink frog
  1133 | D        | Noticed a blink frog
  1134 | D        | Noticed a blink frog
  1137 | D        | Killed a blink frog
  1138 | D        | Reached skill level 5 in Invocations
  1138 | D        | Killed a blink frog
  1139 | D        | Reached XP level 9. HP: 86/86 MP: 11/11
  1151 | D        | Reached skill level 12 in Shields
  1156 | D        | Reached skill level 15 in Axes
  1162 | D        | Noticed a hellwing
  1166 | D        | Noticed a smoke demon
  1166 | D        | Noticed a wizard
  1170 | D        | Killed a smoke demon
  1173 | D        | Killed a wizard
  1184 | D        | Killed a hellwing
  1194 | D        | Noticed a phantasmal warrior
  1204 | D        | Killed a phantasmal warrior
  1205 | D        | Reached skill level 13 in Shields
  1205 | D        | Reached XP level 10. HP: 57/97 MP: 14/14
  1385 | D        | Noticed a deep elf pyromancer
  1388 | D        | Noticed a death knight
  1393 | D        | Killed a deep elf pyromancer
  1410 | D        | Killed a death knight
  1411 | D        | Reached skill level 14 in Shields
  1703 | D        | Noticed a phantasmal warrior
  1715 | D        | Killed a phantasmal warrior
  1772 | D        | Noticed Urug
  1788 | D        | Killed Urug
  1789 | D        | Reached XP level 11. HP: 40/106 MP: 17/17
  2034 | D        | Noticed a spriggan rider
  2051 | D        | Killed a spriggan rider
  2052 | D        | Reached skill level 15 in Shields
  2052 | D        | Reached skill level 10 in Invocations
  2266 | D        | Noticed a deep elf zephyrmancer
  2277 | D        | Killed a deep elf zephyrmancer
  2286 | D        | Noticed Grum
  2286 | D        | Noticed a fire crab
  2293 | D        | Killed Grum
  2294 | D        | Killed a fire crab
  2423 | D        | Noticed a two-headed ogre
  2430 | D        | Killed a two-headed ogre
  2449 | D        | Reached skill level 16 in Shields
  2470 | D        | Noticed a vampire knight
  2470 | D        | Noticed a phantasmal warrior
  2470 | D        | Noticed an emperor scorpion
  2476 | D        | Killed a phantasmal warrior
  2488 | D        | Killed a vampire knight
  2502 | D        | Killed an emperor scorpion
  2666 | D        | Noticed Jessica
  2666 | D        | Noticed a spriggan rider
  2668 | D        | Noticed a skeletal warrior
  2668 | D        | Noticed Erolcha
  2668 | D        | Noticed a skeletal warrior
  2670 | D        | Killed Jessica
  2671 | D        | Noticed a skeletal warrior
  2671 | D        | Noticed a skeletal warrior
  2683 | D        | Killed Erolcha
  2684 | D        | Reached skill level 17 in Shields
  2684 | D        | Reached XP level 12. HP: 88/118 MP: 18/20
  2688 | D        | Reached skill level 15 in Fighting
  3173 | D        | Noticed a green draconian
  3173 | D        | Noticed a spriggan defender
  3175 | D        | Killed a spriggan defender
  3176 | D        | Reached skill level 18 in Shields
  3185 | D        | Killed a green draconian
  3188 | D        | Got the amulet of Byzeu {Faith +Blink Will+++ MP+9 Int-3}
  3219 | D        | Got Sif Muna's Tome of Contamination
  3385 | D        | Noticed an ogre mage
  3385 | D        | Noticed a two-headed ogre
  3388 | D        | Noticed a fire dragon
  3389 | D        | Killed an ogre mage
  3389 | D        | Killed a two-headed ogre
  3390 | D        | Killed a fire dragon
  3391 | D        | Reached skill level 15 in Armour
  3391 | D        | Reached skill level 19 in Shields
  3391 | D        | Reached skill level 1 in Evocations
  3393 | D        | Noticed a two-headed ogre
  3396 | D        | Killed a two-headed ogre
  3397 | D        | Reached XP level 13. HP: 121/130 MP: 18/22
  3397 | D        | Killed a ghost moth
  3398 | D        | Noticed a sphinx
  3401 | D        | Killed a sphinx
  3402 | D        | Reached skill level 20 in Shields
  3402 | D        | Noticed an eidolon
  3405 | D        | Killed an eidolon
  3461 | D        | Got the +5 hand axe of Mutilation {elec, +Blink rPois Int-2
                  | Stlth+}
  3528 | D        | Noticed an orc warlord
  3533 | D        | Reached skill level 5 in Evocations
  3538 | D        | Noticed an orc warlord
  3544 | D        | Noticed a deep elf demonologist
  3547 | D        | Reached skill level 15 in Invocations
  3548 | D        | Killed a deep elf demonologist
  3548 | D        | Killed an orc warlord
  3549 | D        | Reached skill level 21 in Shields
  3551 | D        | Noticed a vampire knight
  3556 | D        | Killed an orc warlord
  3559 | D        | Killed a vampire knight
  3560 | D        | Reached XP level 14. HP: 62/141 MP: 14/25
  3780 | D        | Got the +6 demon whip of the Hills {drain, rN+ Int+4}
  3796 | D        | Found the +7 Singing Sword {vorpal, sonic wave}
  4109 | D        | Noticed a titan
  4121 | D        | Killed a titan
  4242 | D        | Noticed an ancient lich
  4261 | D        | HP: 2/144 [ancient lich (9)]
  4266 | D        | Killed an ancient lich
  4267 | D        | Reached skill level 5 in Dodging
  4267 | D        | Reached skill level 22 in Shields
  4554 | D        | Noticed an electric golem
  4574 | D        | Killed an electric golem
  4662 | D        | Noticed a hellephant
  4962 | D        | Killed a hellephant
  5168 | D        | Noticed an orb of fire
  5169 | D        | Gained mutation: You sometimes lose the ability to read
                  | scrolls when taking damage. [an orb of fire]
  5170 | D        | Reached skill level 23 in Shields
  5182 | D        | Killed an orb of fire
  5490 | D        | Lost mutation: You sometimes lose the ability to read
                  | scrolls when taking damage. [potion of mutation]
  5490 | D        | Gained mutation: You are partially covered in iridescent
                  | scales. (AC +2) [potion of mutation]
  5490 | D        | Gained mutation: You are robust. (+10% HP) [potion of
                  | mutation]
  5542 | D        | Noticed an orb of fire
  5575 | D        | Noticed Boris
  5575 | D        | Noticed a green draconian monk
  5575 | D        | Noticed a daeva
  5575 | D        | Noticed a deep elf sorcerer
  5576 | D        | Noticed a nagaraja
  5577 | D        | Killed a deep elf sorcerer
  5577 | D        | Noticed a white draconian shifter
  5578 | D        | Reached skill level 24 in Shields
  5578 | D        | Reached XP level 15. HP: 150/167 MP: 27/27
  5578 | D        | Killed a daeva
  5578 | D        | Killed a green draconian monk
  5588 | D        | Noticed a sphinx
  5592 | D        | Killed a sphinx
  5598 | D        | Killed a nagaraja
  5605 | D        | Killed Boris
  5605 | D        | Noticed a white draconian knight
  5606 | D        | Reached skill level 25 in Shields
  5638 | D        | Killed a white draconian knight
  5688 | D        | HP: 7/170 [ice dragon/blast of cold (48)]
  6188 | D        | Got the amulet "Senapoub" {rPois Regen+ rCorr}
  6190 | D        | Got the amulet of Zisev {Reflect Rampage rN+ Str+2 SH+5}
  6193 | D        | Got the ring of Usympe {*Corrode rPois rN+ Dex+4 Slay+5}
  6195 | D        | Got the ring of Temptation {rElec rN+}
  6197 | D        | Got the ring "Lajowaowko" {*Corrode Will+ Int+6 SInv}
  6199 | D        | Got the ring of Winter {rPois rCorr MP+9 Str-3}
  6201 | D        | Got the ring of Vanahage {Fire rN+ Will- Dex+9}
  6203 | D        | Got the ring "Ojakk" {rF+ Will+ Str+3 Int+4}
  6205 | D        | Got the ring "Irchyruj" {Will+ Dex+4}
  6207 | D        | Got the ring "Trusted Companion" {rPois rN+++ Will++ EV+6
                  | Str-5}
  6209 | D        | Got the ring "Optuh" {Will+ AC+6 Slay+2 SInv}
  6211 | D        | Got the ring of Darkness {rC+ Dex-2 Slay+2 SInv}
  6213 | D        | Got the ring "Kuunim" {rC+ Str+6}
  6217 | D        | Got the ring of the Lumpy Spirits {rF- Will+ Str+2 Int+3
                  | Slay+5}
  6219 | D        | Got the ring of Owukadan {rPois rCorr}
  6222 | D        | Got the amulet of Haavuc {Reflect Will+ SH+5}
  6224 | D        | Got the ring "Nacw" {rPois rCorr EV+4 Str-2 Int+7}
  6226 | D        | Got the ring of Xaijavop {Will+ Slay+3}
  6228 | D        | Got the ring of Darkness {rPois Dex-3 Slay+5}
  6230 | D        | Got the ring "Qemysoch" {rPois Will++ Dex-5}
  6232 | D        | Got the amulet "Evasopen" {Faith -Cast rF+ rN+ Stlth+}
  6234 | D        | Got the ring "Amuudank" {rElec Dex+3 Slay+5}
  6236 | D        | Got the amulet of Cowardice {Faith Int-2 Dex+3}
  6238 | D        | Got the ring "Vuorue" {Ice Int+3}
  6240 | D        | Got the amulet "Xocw" {RegenMP Int+2}
  6276 | D        | Got Iwkarph's Arcane Secrets of Spellcraft
  6284 | D        | Got the Incunabulum of Execration and Fire
  6290 | D        | Got the Papyrus of Torrid Malediction
  6294 | D        | Got Olangoon's Witchcraft, and How To Use It
  6296 | D        | Got the Papyrus of Conjuration
  6465 | D        | Gained mutation: You sometimes lose the ability to read
                  | scrolls when taking damage. [an orb of fire]
  6479 | D        | Killed an orb of fire
  6484 | D        | Lost mutation: You are partially covered in iridescent
                  | scales. (AC +2) [potion of mutation]
  6484 | D        | Lost mutation: You sometimes lose the ability to read
                  | scrolls when taking damage. [potion of mutation]
  6484 | D        | Gained mutation: You are covered in fur. (AC +1) [potion of
                  | mutation]
  6484 | D        | Gained mutation: Your spells are a little harder to cast,
                  | but a little more powerful. [potion of mutation]
  6809 | D        | Noticed Mets the pandemonium lord
  6813 | D        | Killed Mets the pandemonium lord
  7073 | D        | Noticed a shadow dragon
  7081 | D        | Killed a shadow dragon
  7082 | D        | Reached XP level 16. HP: 174/181 MP: 31/31
  7090 | D        | Noticed Gloorx Vloq
  7092 | D        | Noticed an Executioner
  7092 | D        | Noticed an Executioner
  7156 | D        | Noticed an Executioner
  7156 | D        | Noticed an Executioner
  7156 | D        | Noticed an Executioner
  7160 | D        | HP: 5/181 [Executioner[Gloorx Vloq] (6)]
  7175 | D        | Noticed an Executioner
  7175 | D        | Noticed an Executioner
  7177 | D        | Noticed an Executioner
  7177 | D        | Noticed an Executioner
  7190 | D        | HP: 9/181 [poisoned by Gloorx Vloq (poison arrow)]
  7195 | D        | Noticed an Executioner
  7195 | D        | Noticed an Executioner
  7195 | D        | Noticed an Executioner
  7195 | D        | Noticed an Executioner
  7195 | D        | HP: 4/181 [poisoned by Gloorx Vloq (poison arrow)]
  7197 | D        | Mangled by an Executioner

Illustrated notes

Levels and vault maps discovered:
D:        pitsprint [storerooms_1, entrance_room_1, metal_vault_5, armoury_1,
          mini_pit_1, grid_room_1, main_hall_1, silver_pit, the_coven_2,
          the_vestibule_1, steel_vault_3, golden_pit, hallway_of_sentries,
          crystal_vault_1, iron_vault_4, final_vault]

Skill      XL: |  1  2  3  4  5  6  7  8  9 10 11 12 13 14 15 |
---------------+----------------------------------------------+-----
Fighting       | 5 6 7 9 10 11 12 14 16 17 19 20 | 20.6
Armour         | 4 5 6 7 9 10 12 13 15 16 18 19 | 19.1
Shields        | 4 5 6 7 8 10 11 13 14 17 19 21 24 25 | 25.7
Axes           | 3 5 7 8 12 14 15 17 19 20 21 22 23 | 23.1
Dodging        | 1 2 3 4 6 8 |  8.9
Invocations    | 1 5 7 9 12 13 16 19 24 | 24.4
Evocations     | 1 7 8 |  8.1
Stealth        | |  0.8

Action                   |  1- 3 |  4- 6 |  7- 9 | 10-12 | 13-15 | 16-18 || total
-------------------------+-------+-------+-------+-------+-------+-------++-------
Melee: Hand axe          |    32 |    30 |    21 |       |       |       ||    83
       Headbutt          |     7 |     9 |    11 |    39 |    56 |     8 ||   130
       War axe           |     2 |       |       |       |       |       ||     2
       Broad axe         |       |       |    46 |   178 |   213 |    21 ||   458
Invok: Elemental Force   |       |       |       |     1 |     3 |     1 ||     5
       Disaster Area     |       |       |       |     2 |    16 |     3 ||    21
       Upheaval          |       |       |       |       |       |     9 ||     9
 Abil: Evoke Blink       |       |       |       |       |       |     5 ||     5
Evoke: Lightning rod     |       |       |       |    10 |    17 |     1 ||    28
  Use: Potion            |     2 |     2 |     2 |     1 |    18 |    14 ||    39
       Scroll            |       |       |       |       |     2 |       ||     2
 Stab: Invisible         |       |       |       |       |    11 |       ||    11
Armor: Scale mail        |    13 |       |       |       |       |       ||    13
       Chain mail        |    11 |    12 |    16 |     1 |       |       ||    40
       Plate armour      |       |       |       |    45 |     5 |       ||    50
       Shadow dragon sca |       |       |       |       |    33 |    45 ||    78
Dodge: Dodged            |    12 |     7 |    13 |    50 |    51 |    21 ||   154
       Repelled          |       |       |       |     1 |     4 |       ||     5
Block: Kite shield       |    36 |    15 |    60 |   193 |    48 |       ||   352
       Tower shield      |       |       |       |       |   143 |    87 ||   230

Table legend: (Time is in decaauts)
 A = Elapsed time spent in this place.
 B = Non-inter-level travel time spent in this place.
 C = Inter-level travel time spent in this place.
 D = Time resting spent in this place.
 E = Time spent auto-exploring this place.
 F = Levels seen in this place.
 G = Mean time per level.
                   A        B        C        D        E       F      G
               +--------+--------+--------+--------+--------+-----+--------+
         Total |   7083 |   7083 |      0 |   4467 |    108 |   1 | 7083.0 |
       Dungeon |   7083 |   7083 |      0 |   4467 |    108 |   1 | 7083.0 |
               +--------+--------+--------+--------+--------+-----+--------+

Top non-repeatable levels by time:
       D: 7083 daAuts
